cohdb
Replays
Latest Replays
All Replays
Popular Replays
Top Player Replays
Match Explorer
How It Works
Community
CoH3 Stats
Reddit
Sign in to upload your games and track your stats! →
Sign in with Steam
Match 45832151
Unlisted
Match 45832151
Overview
Messages
Build Orders
End
Vickers Machine Gun Team
Construct Section Command Post
Selects Air and Sea Battlegroup
Dingo Light Scout Car
Infantry Section
Infantry Section
Infantry Section
Selects Supply Surplus
Construct Resource Cache
Construct Resource Cache
Construct Resource Cache
Grenade Package
Construct Platoon Command Post
Unlock M3 Stuart Light Tanks
M3 Stuart Light Tank
Selects Commando Section Paradrop
Selects M1 Pack Howitzer Paradrop
M3 Stuart Light Tank
M3 Stuart Light Tank
M3 Stuart Light Tank
Light Vehicle Training
M3 Stuart Light Tank
M3 Stuart Light Tank
Construct Company Command Post
Commando Section Paradrop
Selects UNKNOWN (223837)
Selects Naval Bombardment
Construct Resource Cache
Construct Resource Cache
Unlock M3 Grant Medium Tanks
M3 Grant Medium Tank
M3 Grant Medium Tank
Foot Guards Section
M3 Grant Medium Tank
Armored Vehicle Training
Naval Bombardment
Royal Engineer Section
Selects Anti-tank Rocket Loiter
M3 Grant Medium Tank
Infantry Training
M3 Grant Medium Tank
Anti-tank Rocket Loiter
M3 Grant Medium Tank
Construct Resource Cache
M3 Grant Medium Tank
Anti-tank Rocket Loiter
M3 Grant Medium Tank
M3 Grant Medium Tank
tkech
Garfailed
JVM
FalconUK
-Trupp5- Radio
-Trupp5- Coffee
gicobiwolfe
astartes42
0
0
Comments
sign in to comment!
No comments posted yet!